[Event "Titled Tuesday Blitz September 27 Late 2022"]
[White "Siddharth, Jagadeesh"]
[Black "Melkumyan, Hrant"]
[WhiteFideId "5818320"]
[BlackFideId "13302485"]
[WhiteElo "2165"]
[BlackElo "2604"]
[Result "0-1"]
[Round "07"]
[TimeControl "180+1"]
[Date "2022.09.27"]
[WhiteClock "0:00:04"]
[BlackClock "0:01:07"]

1. d4 Nf6 2. c4 g6 3. Nc3 Bg7 4. e4 d6 5. Be2 O-O 6. Be3 Na6 7. h4 e5 8. d5 Nc5 9. Qc2 Ng4 10. Bxg4 Bxg4 11. f3 Bd7 12. h5 c6 13. O-O-O cxd5 14. Nxd5 Rc8 15. hxg6 fxg6 16. g4 b5 17. Qh2 Kf7 18. Nh3 Ne6 19. Kb1 bxc4 20. Nc3 Bc6 21. Qd2 Kg8 22. Ng5 Nxg5 23. Bxg5 Bf6 24. Bh6 Rf7 25. Qxd6 Qxd6 26. Rxd6 Be7 27. Re6 Bb4 28. Bd2 Rxf3 29. a3 Bxc3 30. Bxc3 Rxc3 31. Rxc6 Rxc6 32. bxc3 Rb6+ 33. Kc2 Rb3 34. Rd1 Rxa3 35. Rd5 Ra2+ 36. Kb1 Rg2 37. Rxe5 Rxg4 38. Kc2 h5 39. Kd2 Kf7 40. Ke3 h4 41. Ra5 Rg3+ 42. Kd4 g5 43. Rxa7+ Kg6 44. e5 h3 45. Ra8 g4 46. e6 Kf6 47. Re8 Rg1 48. e7 Kf7 49. Rh8 Kxe7 50. Kxc4 Rg2 51. Kc5 h2 52. c4 g3 53. Kb6 Rg1 54. c5 h1=Q 0-1


[Site "https://www.chess.com"]

[Event "Titled Tuesday Blitz September 27 Late 2022"]
[White "So, Wesley"]
[Black "Ernst, Sipke"]
[WhiteFideId "5202213"]
[BlackFideId "1004689"]
[WhiteElo "2763"]
[BlackElo "2436"]
[Result "1-0"]
[Round "07"]
[TimeControl "180+1"]
[Date "2022.09.27"]
[WhiteClock "0:00:57"]
[BlackClock "0:00:21"]

1. d4 d5 2. c4 c6 3. Nf3 Nf6 4. Qb3 dxc4 5. Qxc4 Bf5 6. g3 e6 7. Bg2 Nbd7 8. O-O Be7 9. Qb3 Qb6 10. Nbd2 O-O 11. Nc4 Qa6 12. Bf4 c5 13. Nfe5 b5 14. Ne3 c4 15. Qd1 Nxe5 16. Bxa8 Ng6 17. Nxf5 exf5 18. Bg2 Nxf4 19. gxf4 Qd6 20. e3 g5 21. a4 gxf4 22. Qf3 b4 23. Bh3 Kh8 24. Kh1 Ne4 25. Bxf5 Nd2 26. Qh3 h6 27. Rg1 Bg5 28. Rxg5 1-0


[Site "https://www.chess.com"]

[Event "Titled Tuesday Blitz September 27 Late 2022"]
[White "Taboas Rodriguez, Daniel"]
[Black "Pakleza, Zbigniew"]
[WhiteFideId "2208466"]
[BlackFideId "1119290"]
[WhiteElo "2429"]
[BlackElo "2411"]
[Result "1-0"]
[Round "07"]
[TimeControl "180+1"]
[Date "2022.09.27"]
[WhiteClock "0:01:01"]
[BlackClock "0:00:05"]

1. d4 d6 2. Nf3 Bg4 3. c4 c6 4. Nc3 Nd7 5. e4 e5 6. Be2 Ngf6 7. O-O Be7 8. Be3 O-O 9. d5 Bxf3 10. Bxf3 c5 11. a3 Ne8 12. Bg4 g6 13. Qd3 Ng7 14. Bxd7 Qxd7 15. b4 b6 16. bxc5 bxc5 17. Rab1 f5 18. f3 Nh5 19. Rb5 a6 20. Rb6 Bd8 21. Rb2 Nf4 22. Bxf4 exf4 23. Rfb1 Ra7 24. Rb8 Bf6 25. exf5 Qxf5 26. Qxf5 gxf5 27. Ne2 Be5 28. Kf2 Rxb8 29. Rxb8+ Kf7 30. Nc1 Bd4+ 31. Kf1 Be3 32. Nd3 a5 33. a4 Kf6 34. Re8 Kg5 35. Re6 Rb7 36. Rxd6 Rb1+ 37. Ke2 Ra1 38. Ne5 Ra2+ 39. Kd3 Kh5 40. Nf7 Rxg2 41. Rh6# 1-0


[Site "https://www.chess.com"]

[Event "Titled Tuesday Blitz September 27 Late 2022"]
[White "Tari, Aryan"]
[Black "Riehle, Marco"]
[WhiteFideId "1510045"]
[BlackFideId "12904392"]
[WhiteElo "2612"]
[BlackElo "2462"]
[Result "1-0"]
[Round "07"]
[TimeControl "180+1"]
[Date "2022.09.27"]
[WhiteClock "0:00:32"]
[BlackClock "0:00:20"]

1. c4 e6 2. Nc3 d5 3. d4 c5 4. cxd5 cxd4 5. Qa4+ Bd7 6. Qxd4 exd5 7. Qxd5 Nf6 8. Qb3 Na6 9. Nf3 Nc5 10. Qc2 Rc8 11. e3 Bd6 12. Be2 O-O 13. O-O Qe7 14. Rd1 Nce4 15. Bd2 Bb8 16. Be1 Bg4 17. Qa4 Nxc3 18. Bxc3 Ne4 19. Bb4 Qc7 20. Bxf8 Bxf3 21. Bd6 Nxd6 22. Bxf3 Nc4 23. Qd7 Qxh2+ 24. Kf1 Rf8 25. Qxb7 Bc7 26. Rac1 Nd2+ 27. Ke2 Nxf3 28. Qxf3 Bb6 29. Qe4 h6 30. g4 Qh4 31. Rh1 Qf6 32. Rc2 Rd8 33. Rd1 Rf8 34. b4 Qg5 35. Rd5 Qf6 36. a4 Qa1 37. a5 Bd8 38. Qd4 Qa4 39. Rc8 Be7 40. Rxf8+ Bxf8 41. Rd8 Qc2+ 42. Kf3 Qc6+ 43. Qd5 Qf6+ 44. Kg2 Qh4 45. f3 Qe7 46. Qd4 a6 47. Ra8 h5 48. Qd8 Qxb4 49. gxh5 g6 50. Qxf8+ Qxf8 51. Rxf8+ Kxf8 52. hxg6 fxg6 53. Kg3 Kf7 54. Kg4 Kf6 55. e4 Ke5 56. Kg5 1-0


[Site "https://www.chess.com"]

[Event "Titled Tuesday Blitz September 27 Late 2022"]
[White "Timmermans, Mark"]
[Black "Kavutskiy, Konstantin"]
[WhiteFideId "1026399"]
[BlackFideId "2026384"]
[WhiteElo "2460"]
[BlackElo "2338"]
[Result "1-0"]
[Round "07"]
[TimeControl "180+1"]
[Date "2022.09.28"]
[WhiteClock "0:00:29"]
[BlackClock "0:00:08"]

1. Nf3 Nf6 2. c4 g6 3. e3 Bg7 4. b3 O-O 5. Bb2 d6 6. Be2 e5 7. d3 Nc6 8. Nfd2 h5 9. Nc3 h4 10. h3 Ne7 11. e4 c6 12. b4 d5 13. O-O dxe4 14. dxe4 Qc7 15. Nb3 Rd8 16. Qc2 Nd7 17. Rad1 Nf8 18. Rxd8 Qxd8 19. Rd1 Qc7 20. Bc1 Ne6 21. Be3 Bd7 22. a4 Rd8 23. a5 b6 24. axb6 axb6 25. Na4 c5 26. b5 Nd4 27. Nxd4 cxd4 28. Bg5 f6 29. Bxh4 Bxb5 30. Nxb6 Bc6 31. c5 Kh7 32. Qb3 Bxe4 33. f3 Bf5 34. Qf7 Nd5 35. Qxc7 Nxc7 36. Rd2 Nd5 37. Bc4 Nxb6 38. cxb6 Rb8 39. Rb2 g5 40. Be1 Bf8 41. b7 Bd6 42. Bd5 Kg7 43. Ba5 d3 44. Kf2 Bc5+ 45. Ke1 Bc8 46. bxc8=Q Rxc8 47. Rb7+ Kh8 48. Kd2 1-0


[Site "https://www.chess.com"]

[Event "Titled Tuesday Blitz September 27 Late 2022"]
[White "Van Foreest, Jorden"]
[Black "Nakamura, Hikaru"]
[WhiteFideId "1039784"]
[BlackFideId "2016192"]
[WhiteElo "2649"]
[BlackElo "2850"]
[Result "0-1"]
[Round "07"]
[TimeControl "180+1"]
[Date "2022.09.27"]
[WhiteClock "0:00:04"]
[BlackClock "0:00:07"]

1. e4 g6 2. d4 Bg7 3. Nf3 Nf6 4. e5 Nd5 5. c4 Nb6 6. c5 Nd5 7. Bc4 c6 8. Nc3 Nxc3 9. bxc3 b6 10. Ng5 O-O 11. Qf3 Qe8 12. h4 d5 13. cxd6 exd6 14. h5 d5 15. Bd3 h6 16. Qg3 hxg5 17. h6 Bf6 18. Kf1 Be7 19. Rh5 Ba6 20. Bxa6 Nxa6 21. Bxg5 Kh7 22. f4 Rg8 23. Bxe7 Qxe7 24. Rg5 f6 25. exf6 Qxf6 26. Re1 Raf8 27. Kg1 Kh8 28. h7 Rg7 29. Rf1 Nc7 30. f5 Ne6 31. Rg4 gxf5 32. Rxg7 Qxg7 33. Qd6 Qf6 34. Re1 Ng7 35. Qd7 f4 36. Re7 f3 37. gxf3 Qxf3 38. Rxg7 Qf1+ 39. Kh2 Rf2+ 40. Kg3 Qg1+ 41. Kh4 Rh2+ 0-1


[Site "https://www.chess.com"]

[Event "Titled Tuesday Blitz September 27 Late 2022"]
[White "Vasquez Schroeder, Rodrigo"]
[Black "Naroditsky, Daniel"]
[WhiteFideId "3400042"]
[BlackFideId "2026961"]
[WhiteElo "2577"]
[BlackElo "2628"]
[Result "0-1"]
[Round "07"]
[TimeControl "180+1"]
[Date "2022.09.27"]
[WhiteClock "0:00:03"]
[BlackClock "0:00:04"]

1. d4 Nf6 2. Nf3 g6 3. c4 Bg7 4. g3 O-O 5. Bg2 d6 6. O-O Nbd7 7. Nc3 e5 8. e4 c6 9. Be3 Ng4 10. Bg5 Qb6 11. h3 Ngf6 12. Rb1 Re8 13. d5 cxd5 14. cxd5 Qa6 15. Re1 Qa5 16. b4 Qd8 17. Rc1 a6 18. Nd2 h6 19. Be3 Qe7 20. Nc4 Nf8 21. Nb6 Rb8 22. Nca4 Bd7 23. Nxd7 N8xd7 24. Qd2 h5 25. Rc2 Rec8 26. Rec1 Qe8 27. Nb2 Bf8 28. Nc4 Be7 29. Na5 Rxc2 30. Rxc2 Bd8 31. Nc4 Qe7 32. a4 Ne8 33. a5 Rc8 34. Kh2 Ndf6 35. f3 h4 36. g4 Qd7 37. Bg5 Nh7 38. Be3 Qa4 39. Rc1 Qb3 40. Bf1 Qa4 41. Kg2 Qd7 42. Nb6 Bxb6 43. Bxb6 Rxc1 44. Qxc1 Qa4 45. Qd2 Qb3 46. Bd8 f6 47. Bb6 Ng5 48. Be2 Qb1 49. Bf2 Nxh3 50. Bxh4 Nf4+ 51. Kh2 Nxe2 52. Qxe2 Qxb4 53. Be1 Qb3 54. g5 fxg5 55. Qg2 Kf7 56. Qxg5 Qxf3 57. Qd8 Qe2+ 58. Kh3 Qxe1 59. Qd7+ Kf8 60. Qxb7 Qe3+ 61. Kh2 Qd2+ 62. Kh3 Qxa5 63. Qh7 Qc3+ 64. Kg4 Qe3 65. Qh8+ Kf7 66. Qh7+ Ng7 67. Qh8 Qxe4+ 68. Kh3 Qh1+ 0-1


[Site "https://www.chess.com"]

[Event "Titled Tuesday Blitz September 27 Late 2022"]
[White "Vlassov, Nikolai"]
[Black "Rego, Pedro Filipe"]
[WhiteFideId "4103360"]
[BlackFideId "1904310"]
[WhiteElo "2324"]
[BlackElo "2125"]
[Result "1-0"]
[Round "07"]
[TimeControl "180+1"]
[Date "2022.09.28"]
[WhiteClock "0:00:04"]
[BlackClock "0:00:01"]

1. e4 c5 2. c3 Nf6 3. e5 Nd5 4. d4 cxd4 5. cxd4 Nc6 6. Nc3 Nxc3 7. bxc3 d6 8. f4 dxe5 9. fxe5 Bf5 10. Nf3 e6 11. Bd3 Bg6 12. O-O Be7 13. Rb1 Rb8 14. Rb2 O-O 15. Rbf2 Na5 16. Bxg6 fxg6 17. g3 Nc4 18. h4 b5 19. Bg5 Rb7 20. Qe2 Qd5 21. Bxe7 Rxe7 22. Ng5 Rfe8 23. Rf4 h6 24. Ne4 b4 25. Qf2 Kh7 26. cxb4 Rd8 27. Nc5 a5 28. b5 Nb6 29. a4 Nd7 30. Qc2 Rc8 31. h5 Nxc5 32. Qxg6+ Kg8 33. Rf7 Qxd4+ 34. Kh2 Rxf7 35. Rxf7 Qxe5 36. b6 Ne4 37. b7 Rc2+ 38. Kh3 Rb2 39. Rxg7+ Qxg7 40. Qxe6+ Kh8 41. Qe8+ Kh7 42. Qxe4+ Kh8 43. Qe8+ Kh7 44. b8=Q Rxb8 45. Qxb8 Qd7+ 46. g4 Qd3+ 47. Qg3 Qe4 48. Qc7+ Kh8 49. Qd8+ Kg7 50. Qd7+ Kg8 51. Qf5 Qe3+ 52. Kh4 Qe1+ 53. Kh3 Qh1+ 54. Kg3 Qg1+ 55. Kf4 Qf2+ 56. Ke5 Qc5+ 57. Kf6 Qd4+ 58. Ke6 1-0


[Site "https://www.chess.com"]

[Event "Titled Tuesday Blitz September 27 Late 2022"]
[White "Wadsworth, Matthew J"]
[Black "Kamsky, Gata"]
[WhiteFideId "415804"]
[BlackFideId "2000024"]
[WhiteElo "2294"]
[BlackElo "2666"]
[Result "0-1"]
[Round "07"]
[TimeControl "180+1"]
[Date "2022.09.27"]
[WhiteClock "0:00:01"]
[BlackClock "0:00:18"]

1. c4 f5 2. g3 Nf6 3. Bg2 g6 4. Nc3 Bg7 5. d3 O-O 6. Rb1 a5 7. a3 e5 8. Nf3 d6 9. O-O h6 10. b4 axb4 11. axb4 g5 12. Nd2 Nc6 13. b5 Nd4 14. e3 Ne6 15. Bb2 g4 16. Ra1 Rb8 17. Nd5 h5 18. f4 exf4 19. Nxf4 Nxf4 20. exf4 h4 21. Re1 c6 22. Bd4 Nh5 23. Bf2 hxg3 24. hxg3 Bxa1 25. Qxa1 Bd7 26. Nb3 Re8 27. Nd4 Rxe1+ 28. Qxe1 Qe8 29. Qc3 Ra8 30. bxc6 bxc6 31. c5 d5 32. Qb4 Qb8 33. Qe1 Kf7 34. Bf1 Ra2 35. Ne2 Qb2 36. Bd4 Qd2 37. Qxd2 Rxd2 38. Be5 Rxd3 39. Kf2 Rf3+ 40. Kg2 Bc8 41. Nd4 Rxg3+ 42. Kf2 Bd7 43. Be2 Rh3 44. Bd1 Rh2+ 45. Kg1 Ra2 46. Bb3 Ra5 0-1


[Site "https://www.chess.com"]

[Event "Titled Tuesday Blitz September 27 Late 2022"]
[White "Wieczorek, Oskar"]
[Black "Lazavik, Denis"]
[WhiteFideId "1133950"]
[BlackFideId "13515110"]
[WhiteElo "2302"]
[BlackElo "2437"]
[Result "1/2-1/2"]
[Round "07"]
[TimeControl "180+1"]
[Date "2022.09.27"]
[WhiteClock "0:00:07"]
[BlackClock "0:00:08"]

1. e4 c5 2. Nf3 e6 3. d4 cxd4 4. Nxd4 Nc6 5. Nc3 Qc7 6. g3 a6 7. Bg2 Bc5 8. Nxc6 dxc6 9. O-O e5 10. Na4 Ba7 11. c4 b5 12. Nc3 Be6 13. cxb5 axb5 14. Qc2 Rc8 15. Re1 Nf6 16. Be3 Bxe3 17. Rxe3 O-O 18. Rc1 Qa7 19. a3 Rfd8 20. Ree1 g6 21. Bf1 Kg7 22. Qe2 Rd4 23. Qe3 Qd7 24. f3 Rd8 25. Red1 Bb3 26. Re1 Qe6 27. Be2 Rd2 28. Nd5 Rxb2 29. Qc3 Rxe2 30. Rxe2 Bc4 31. Nxf6 Bxe2 32. Ng4 Rd4 33. Qxc6 Qxc6 34. Rxc6 Bxf3 35. Nxe5 Bxe4 36. Rc7 Bd5 37. Rd7 Rd1+ 38. Kf2 Bb3 39. Rxd1 Bxd1 40. Ke3 Kf6 41. Nc6 Bg4 42. h4 Bd7 43. Nd4 Ke5 44. Nf3+ Kf5 45. Ng5 f6 46. Nxh7 Be8 47. Kf3 Ke6 48. g4 Kf7 49. g5 fxg5 50. hxg5 Ke6 51. Ke4 Bc6+ 52. Kd4 Kf5 53. Kc5 Bd7 54. Nf6 Be6 55. Kxb5 Kxg5 56. Nh7+ Kf4 57. a4 Bg8 58. Nf6 Be6 59. Nh7 Bd5 60. a5 Bf3 61. Kb6 Be2 62. a6 Bxa6 63. Kxa6 Kg4 64. Kb6 Kh5 65. Kc5 Kh6 66. Nf6 Kg5 67. Ne4+ Kf4 68. Kd4 g5 69. Kd3 g4 70. Kd4 Kf3 71. Kd3 g3 72. Nxg3 1/2-1/2


[Site "https://www.chess.com"]

[Event "Titled Tuesday Blitz September 27 Late 2022"]
[White "Yanchenko, Roman"]
[Black "Djokic, Mihailo"]
[WhiteFideId "4137329"]
[BlackFideId "976440"]
[WhiteElo "2514"]
[BlackElo "2315"]
[Result "1-0"]
[Round "07"]
[TimeControl "180+1"]
[Date "2022.09.28"]
[WhiteClock "0:00:08"]
[BlackClock "0:00:01"]

1. d4 Nf6 2. c4 g6 3. Nc3 Bg7 4. Bf4 d6 5. e3 O-O 6. Nf3 Nfd7 7. Be2 e5 8. Bg5 f6 9. Bh4 g5 10. Bg3 f5 11. dxe5 Nxe5 12. Bxe5 dxe5 13. Qxd8 Rxd8 14. Nxg5 e4 15. Rc1 c6 16. c5 h6 17. Bc4+ Kf8 18. Ne6+ Bxe6 19. Bxe6 Na6 20. Bxf5 Nxc5 21. O-O Rd2 22. b4 Nd3 23. Nxe4 Rxa2 24. Rb1 Ke7 25. Nc5 Nxc5 26. bxc5 Bb2 27. Bd3 Ba3 28. Rxb7+ Kf6 29. Rc7 Rd8 30. Rxc6+ Ke7 31. Bc4 Rc2 32. Re6+ Kf8 33. Rf6+ Kg7 34. Rf7+ Kg6 35. Rxa7 Bxc5 36. Ra6+ Kg5 37. Be6 Rdd2 38. Bh3 Rxf2 39. Ra5 Rxf1+ 40. Kxf1 Kf6 41. e4 Ke5 42. Ra4 Kf4 43. e5+ Kxe5 44. Rh4 Rc1+ 45. Ke2 Be7 46. Rxh6 Bg5 47. Re6+ Kd5 48. Ra6 Be7 49. Bg4 Bd6 50. Bf3+ Ke5 51. h4 Rc2+ 52. Kd3 Rc7 53. h5 Rh7 54. Ra5+ Kf4 55. Rd5 Be5 56. Rd8 Kg5 57. Ke4 Bf6 58. Rg8+ Kh6 59. Rg6# 1-0


[Site "https://www.chess.com"]

[Event "Titled Tuesday Blitz September 27 Late 2022"]
[White "Yoo, Christopher Woojin"]
[Black "Boros, Denes"]
[WhiteFideId "30909694"]
[BlackFideId "722340"]
[WhiteElo "2105"]
[BlackElo "2464"]
[Result "1-0"]
[Round "07"]
[TimeControl "180+1"]
[Date "2022.09.27"]
[WhiteClock "0:00:03"]
[BlackClock "0:00:11"]

1. e4 c5 2. Nf3 d6 3. d4 cxd4 4. Nxd4 Nf6 5. Nc3 Bd7 6. Bg5 Nc6 7. Qd2 Qb6 8. Nb3 a6 9. O-O-O e6 10. f3 Qc7 11. Be3 h5 12. Na4 b5 13. Nb6 Rb8 14. Nxd7 Nxd7 15. Kb1 a5 16. Nd4 Nxd4 17. Bxd4 Ne5 18. f4 Nc6 19. Qc3 Qb7 20. Bxg7 b4 21. Qf6 Be7 22. Bxh8 Bxf6 23. Bxf6 b3 24. axb3 a4 25. bxa4 e5 26. Bb5 Kf8 27. Rxd6 Nd4 28. Rd5 Qc7 29. c3 Nxb5 30. axb5 Qc4 31. Rhd1 Qxe4+ 32. R1d3 Kg8 33. fxe5 Rxb5 34. Rd8+ Kh7 35. Kc1 Qf4+ 36. Kc2 Qf2+ 37. Rd2 Qf5+ 38. R8d3 Qe4 39. b4 Qc4 40. Kb2 Rb6 41. Rd4 Qc8 42. Rd8 Qc4 43. R2d4 Qe2+ 44. Rd2 Qc4 45. Rh8+ Kg6 46. Rg8+ Kf5 47. Rg5+ Ke6 48. Rd4 Rxb4+ 49. cxb4 Qxd4+ 50. Kb3 Qd5+ 51. Ka4 Qe4 52. Ka5 Qa8+ 53. Kb6 Qb8+ 54. Kc5 Qc7+ 55. Kd4 Qb7 56. Kc3 Qd5 57. h4 Qe4 58. g3 Qd5 59. Kb2 Qc4 60. Ka3 Kd5 61. e6+ Kxe6 62. Bb2 Qd3+ 63. Ka4 Qc2+ 64. Ka3 f6 65. Rc5 Qd3+ 66. Rc3 Qb5 67. Kb3 Qd5+ 68. Ka3 Qb5 69. Bc1 Qe2 70. Re3+ 1-0


[Site "https://www.chess.com"]

[Event "Titled Tuesday Blitz September 27 Late 2022"]
[White "Zenin, Dmitry"]
[Black "Jeet, Jain"]
[WhiteFideId "4127897"]
[BlackFideId "5073022"]
[WhiteElo "2215"]
[BlackElo "2055"]
[Result "0-1"]
[Round "07"]
[TimeControl "180+1"]
[Date "2022.09.28"]
[WhiteClock "0:00:07"]
[BlackClock "0:00:13"]

1. d4 d5 2. c4 c6 3. cxd5 cxd5 4. Bf4 Nf6 5. Nc3 Nc6 6. e3 a6 7. Rc1 e6 8. Bd3 Bd6 9. Bxd6 Qxd6 10. f4 Bd7 11. Nf3 O-O 12. O-O b5 13. Ne5 Na5 14. Rf3 Nc4 15. Qe2 Rac8 16. Rcf1 Bc6 17. Rh3 g6 18. g4 Ne4 19. Nxe4 dxe4 20. Bxc4 bxc4 21. g5 Bb5 22. a4 Bxa4 23. Ng4 f5 24. gxf6 c3 25. bxc3 Bb5 26. Qf2 Bxf1 27. Kxf1 Rxc3 28. Qh4 h5 29. Qg5 Rc1+ 30. Kf2 Rc2+ 31. Kg3 Kf7 32. Ne5+ Ke8 33. f7+ Rxf7 34. Qxg6 Qf8 35. Rxh5 Qg7 36. Rh8+ Ke7 37. Rh6 Qxg6+ 38. Rxg6 Rh7 39. h4 a5 40. Rg8 a4 41. Ra8 Rg7+ 42. Kh3 Rc1 43. Ra7+ Kf6 44. Ng4+ Kg6 45. h5+ Kh7 46. Nf6+ Kh6 47. Ng4+ Rxg4 48. Kxg4 Rg1+ 49. Kh4 Rh1+ 50. Kg3 Ra1 0-1


[Site "https://www.chess.com"]

[Event "Titled Tuesday Blitz September 27 Late 2022"]
[White "Adury, Anant"]
[Black "Amburgy, Ryan"]
[WhiteFideId "30964687"]
[BlackFideId "30924820"]
[WhiteElo "2526"]
[BlackElo "2066"]
[Result "1-0"]
[Round "08"]
[TimeControl "180+1"]
[Date "2022.09.28"]
[WhiteClock "0:00:28"]
[BlackClock "0:00:08"]

1. Nf3 d5 2. g3 Nf6 3. Bg2 g6 4. O-O Bg7 5. d4 O-O 6. c4 c6 7. cxd5 cxd5 8. Nc3 Nc6 9. Ne5 Bf5 10. Nxc6 bxc6 11. b3 Nd7 12. Bb2 e5 13. Na4 Re8 14. Rc1 Rc8 15. e3 h5 16. dxe5 Nxe5 17. Nc5 Nf3+ 18. Qxf3 Bxb2 19. Rce1 Qd6 20. e4 Bg4 21. Qe3 d4 22. Qg5 d3 23. f3 Bd4+ 24. Kh1 d2 25. Rd1 Bxc5 26. fxg4 Re5 27. Qxd2 Qd3 28. Qxd3 1-0


[Site "https://www.chess.com"]

[Event "Titled Tuesday Blitz September 27 Late 2022"]
[White "Alfaro, William"]
[Black "Murtazin, Ruslan"]
[WhiteFideId "6100457"]
[BlackFideId "24175960"]
[WhiteElo "2096"]
[BlackElo "2212"]
[Result "1/2-1/2"]
[Round "08"]
[TimeControl "180+1"]
[Date "2022.09.28"]
[WhiteClock "0:00:12"]
[BlackClock "0:00:18"]

1. d4 Nf6 2. Nf3 g6 3. g3 Bg7 4. Bg2 O-O 5. O-O d6 6. Nbd2 d5 7. c4 c6 8. h3 Re8 9. b3 a5 10. a4 Na6 11. Bb2 Nb4 12. Re1 Ne4 13. Ne5 Bxe5 14. Nxe4 Bg7 15. cxd5 Nxd5 16. Rc1 Nb4 17. Nc5 Qd6 18. e4 e5 19. d5 b6 20. Nd3 cxd5 21. Nxb4 Qxb4 22. exd5 Bb7 23. Rc7 Rab8 24. d6 Red8 25. Rxb7 Rxb7 26. Bxb7 Rxd6 27. Qf3 f5 28. Rd1 e4 29. Qe2 Rxd1+ 30. Qxd1 Bxb2 31. Qd8+ Kg7 32. Bd5 Bf6 33. Qe8 Kh6 34. Qf7 Qe7 35. Qg8 Bd4 36. Kg2 e3 37. fxe3 Bxe3 38. h4 Bd4 39. Qe6 Qxe6 40. Bxe6 Kg7 41. Bc4 Kf6 42. Kf3 h6 43. g4 Bc5 44. gxf5 Kxf5 45. Bd3+ Kf6 46. Kg4 g5 47. hxg5+ hxg5 48. Bc4 Be3 49. Bd3 Bf4 50. Bc4 Ke5 51. Bg8 Kd4 52. Bc4 Kc3 53. Bg8 Kb4 54. Bc4 Kc5 55. Bg8 b5 56. axb5 Kxb5 57. Bf7 Kc5 58. Bg8 Kb4 59. Bf7 Kc3 60. Be6 Bc1 61. Bf7 Kd4 62. Bg8 Kc5 63. Bf7 Kb4 64. Bg8 Kc5 65. Bf7 Kb4 66. Bg8 Kc5 1/2-1/2


[Site "https://www.chess.com"]

[Event "Titled Tuesday Blitz September 27 Late 2022"]
[White "Averjanov, Alexey"]
[Black "Gabrielian, Artur"]
[WhiteFideId "14109867"]
[BlackFideId "4131002"]
[WhiteElo "2672"]
[BlackElo "2467"]
[Result "1-0"]
[Round "08"]
[TimeControl "180+1"]
[Date "2022.09.27"]
[WhiteClock "0:00:18"]
[BlackClock "0:00:06"]

1. d4 Nf6 2. c4 c5 3. d5 e6 4. Nc3 exd5 5. cxd5 d6 6. Nf3 g6 7. Nd2 Nbd7 8. g3 Bg7 9. Bg2 O-O 10. O-O Re8 11. h3 a6 12. a4 Rb8 13. a5 b5 14. axb6 Nxb6 15. Nb3 Nc4 16. Ra4 Nb6 17. Ra2 Nc4 18. Ra4 Nb6 19. Ra2 h5 20. Na5 Ra8 21. Nc6 Qc7 22. Bf4 Bb7 23. Qd3 Nfd7 24. Rfa1 Ne5 25. Bxe5 Bxe5 26. Nxe5 Rxe5 27. e4 h4 28. f4 Ree8 29. gxh4 Qe7 30. Qg3 Kh7 31. Kh2 Rh8 32. h5 Rag8 33. hxg6+ Rxg6 34. Qf3 Qh4 35. Rg1 Rhg8 36. e5 Nc4 37. b3 Rg3 38. Qe4+ Kh8 39. Qxc4 Bc8 40. f5 R8g4 41. Qf1 Rxc3 42. e6 Bb7 43. exf7 Kg7 44. Qf2 Rcg3 45. f6+ Kf8 46. Re2 Bxd5 47. Re8+ Kxf7 48. Bxd5+ Kxe8 49. Rxg3 Rxg3 50. f7+ Kf8 51. Qxg3 1-0


[Site "https://www.chess.com"]

[Event "Titled Tuesday Blitz September 27 Late 2022"]
[White "Ballester Llagaria, Luis Eduardo"]
[Black "Ismayil, Malak"]
[WhiteFideId "2297620"]
[BlackFideId "13412604"]
[WhiteElo "2344"]
[BlackElo "1879"]
[Result "1-0"]
[Round "08"]
[TimeControl "180+1"]
[Date "2022.09.28"]
[WhiteClock "0:00:13"]
[BlackClock "0:00:01"]

1. e4 e5 2. Nf3 Nc6 3. Nc3 Nf6 4. a3 Bc5 5. Nxe5 Nxe5 6. d4 Bd6 7. dxe5 Bxe5 8. Bd3 Bxc3+ 9. bxc3 d6 10. O-O h6 11. f4 O-O 12. c4 Bd7 13. Bb2 Bc6 14. e5 dxe5 15. fxe5 Ne4 16. Qg4 Qg5 17. Qe2 Nc5 18. Rf5 Qh4 19. Raf1 Nxd3 20. cxd3 Bd7 21. R5f4 Qg5 22. d4 c6 23. d5 cxd5 24. cxd5 Qe7 25. Qe4 Rad8 26. Kh1 Bb5 27. Re1 Qd7 28. e6 fxe6 29. Rxf8+ Rxf8 30. dxe6 Qe7 31. Qe5 Bc6 32. Bd4 b6 33. h4 Qxh4+ 34. Kg1 Qe7 35. Re3 Qg5 36. Rg3 Qxe5 37. Bxe5 g5 38. Rc3 Bd5 39. e7 Re8 40. Bd6 Kf7 41. Rc7 a5 42. a4 Bb3 43. Rb7 Bxa4 44. Rxb6 Bc2 45. Rc6 Bb3 46. Rb6 a4 47. Ba3 Be6 48. Ra6 Bb3 49. Rxh6 Kg7 50. Rb6 Kf7 51. Kf2 Kg7 52. Kg3 Kf7 53. Kg4 Rg8 54. Rb7 Re8 55. g3 Bd5 56. Ra7 Be6+ 57. Kxg5 Rg8+ 58. Kf4 Rg4+ 59. Kf3 Rg8 60. e8=Q+ Kxe8 61. Re7+ Kd8 62. Rxe6 Kd7 63. Re4 Kc6 64. Rxa4 Kd5 65. Rf4 Ra8 66. Bf8 1-0


[Site "https://www.chess.com"]

[Event "Titled Tuesday Blitz September 27 Late 2022"]
[White "Barria Zuniga, Daniel"]
[Black "Sonnenschein, Philipp"]
[WhiteFideId "3400816"]
[BlackFideId "16250877"]
[WhiteElo "2414"]
[BlackElo "2225"]
[Result "1-0"]
[Round "08"]
[TimeControl "180+1"]
[Date "2022.09.28"]
[WhiteClock "0:00:14"]
[BlackClock "0:00:02"]

1. d4 Nf6 2. c4 g6 3. Nc3 d5 4. Qa4+ Qd7 5. Qxd7+ Nbxd7 6. cxd5 Nb6 7. e4 e6 8. dxe6 Bxe6 9. d5 Bd7 10. f3 O-O-O 11. Be3 c6 12. dxc6 Bxc6 13. Kf2 Bg7 14. Nh3 Nfd7 15. Be2 Ne5 16. Rad1 Nec4 17. Bc1 Bd4+ 18. Kg3 h5 19. Bg5 h4+ 20. Bxh4 Rxh4 21. Kxh4 Rh8+ 22. Kg3 Bc5 23. b3 Ne3 24. Rd3 f5 25. b4 fxe4 26. fxe4 Bxb4 27. Rxe3 Bc5 28. Rd3 Nc4 29. Nf4 Ne5 30. Rdd1 g5 31. Ne6 Be3 32. Nd5 Bxd5 33. Rxd5 Nc6 34. Rf1 Re8 35. Nxg5 Rg8 36. h4 Nd4 37. Bg4+ Kc7 38. Re1 Bd2 39. Rd1 Be3 40. R1xd4 Bxd4 41. Rxd4 1-0


[Site "https://www.chess.com"]

[Event "Titled Tuesday Blitz September 27 Late 2022"]
[White "Besedes, Danilo"]
[Black "Mikhailov, Viacheslav"]
[WhiteFideId "946796"]
[BlackFideId "4187369"]
[WhiteElo "2352"]
[BlackElo "2381"]
[Result "1-0"]
[Round "08"]
[TimeControl "180+1"]
[Date "2022.09.27"]
[WhiteClock "0:00:14"]
[BlackClock "0:00:01"]

1. d4 c5 2. c3 cxd4 3. cxd4 Nf6 4. Nc3 g6 5. Nf3 Bg7 6. e4 O-O 7. Be2 d6 8. h3 a6 9. a4 Nc6 10. O-O b6 11. Re1 Bb7 12. Bf1 e5 13. d5 Nd4 14. Nxd4 exd4 15. Nb1 Re8 16. Bd3 Nd7 17. Na3 Nc5 18. Nc4 Nxd3 19. Qxd3 Bxd5 20. Bf4 Bxc4 21. Qxc4 Be5 22. Bd2 Qd7 23. Rac1 Rec8 24. Qb3 b5 25. axb5 axb5 26. Qd5 Rxc1 27. Rxc1 Rc8 28. Rxc8+ Qxc8 29. Bh6 Qa6 30. f4 Bg7 31. Bxg7 Kxg7 32. Qxd4+ Kg8 33. Kh2 Qc6 34. e5 dxe5 35. Qxe5 Qd7 36. Qb8+ Kg7 37. Qe5+ f6 38. Qb8 h5 39. b4 h4 40. Qb6 Kf7 41. Qc5 Ke6 42. Kh1 Qd5 43. Qc8+ Qd7 44. Qc5 Qd5 45. Qf2 1-0


[Site "https://www.chess.com"]

[Event "Titled Tuesday Blitz September 27 Late 2022"]
[White "Boros, Denes"]
[Black "Dounis, Alexandros"]
[WhiteFideId "722340"]
[BlackFideId "4213238"]
[WhiteElo "2464"]
[BlackElo "2204"]
[Result "1/2-1/2"]
[Round "08"]
[TimeControl "180+1"]
[Date "2022.09.27"]
[WhiteClock "0:00:03"]
[BlackClock "0:00:03"]

1. b3 e5 2. Bb2 Nc6 3. Nf3 e4 4. Nd4 Nf6 5. e3 Bd6 6. Be2 O-O 7. c4 Re8 8. Nxc6 dxc6 9. Nc3 Bf5 10. g4 Bg6 11. h4 h6 12. Qc2 Nd7 13. O-O-O Nc5 14. h5 Bh7 15. g5 Nd3+ 16. Bxd3 exd3 17. Kb1 Qxg5 18. Qc1 Kh8 19. Rdg1 Qe7 20. Nd5 Qf8 21. Bxg7+ Qxg7 22. Rxg7 Kxg7 23. Rg1+ Kh8 24. Nf6 Re6 25. Nxh7 Kxh7 26. Qc3 Rg8 27. Qxd3+ Kh8 28. Rxg8+ Kxg8 29. c5 Bxc5 30. Qd8+ Bf8 31. Qxc7 b5 32. Qxa7 b4 33. f4 Rd6 34. Kc2 Rd5 35. d4 Rxh5 36. Qd7 Rh2+ 37. Kd3 c5 38. d5 Rxa2 39. e4 Rb2 40. e5 Rxb3+ 41. Ke4 Rg3 42. d6 b3 43. e6 fxe6 44. Qxe6+ Kh7 45. Qf7+ Bg7 46. Qf5+ Rg6 47. d7 b2 48. Kd5 Bf6 49. Kxc5 h5 50. Qxh5+ Kg7 51. Qd1 Be7+ 52. Kb5 Rd6 53. Qg1+ Kf7 54. Qb1 Bf6 55. Kc5 Rxd7 56. Qh7+ Ke6 57. f5+ Ke5 58. Qxd7 b1=Q 59. Qe6+ Kf4 60. Qxf6 Qxf5+ 61. Qxf5+ Kxf5 1/2-1/2


[Site "https://www.chess.com"]